 Dungeon Crawl Stone Soup version 0.27.1-37-g7b29ead8ac (console) character file.

Game seed: 16654246957848472134

48451 grimtooth the Bewitcher (level 14, -1/57 HPs)
             Began as a Felid Summoner on June 9, 2023.
             Was an Initiate of Gozag.
             Slain by a wolf spider (5 damage)
             ... on level 2 of the Spider Nest on June 13, 2023.
             The game lasted 06:00:15 (47261 turns).

grimtooth the Bewitcher (Felid Summoner)           Turns: 47261, Time: 06:00:17

Health: -1/57      AC: 14    Str:  4    XL:     14   Next: 12%
Magic:  0/30       EV: 26    Int: 20    God:    Gozag
Gold:   4089       SH:  0    Dex: 18    Spells: 6/36 levels left
                                        Lives:  0   Deaths: 4

rFire    + + .     SeeInvis +     - Unarmed
rCold    + . .     Faith    .   (shield unavailable)
rNeg     . . .     Spirit   +   (armour unavailable)
rPois    +         Reflect  .   (helmet unavailable)
rElec    .         Harm     .   (cloak unavailable)
rCorr    .         Rampage  .   (gloves unavailable)
Will     ++...                  (boots unavailable)
Stlth    +++++.....             v - amulet of guardian spirit
HPRegen  0.19/turn              f - +4 ring of protection {=R}
MPRegen  0.22/turn              k - ring of protection from fire

@: ice-armoured, gold aura, on berserk cooldown, hasted and slowed, quick
A: very small, claws 1, fangs 3, see invisible, speed 1, shaggy fur 3, stealthy
paws, no weapons or thrown items, no armour, multi-lived, fire resistance 1,
frail 1, poison resistance
a: Renounce Religion, Potion Petition, Call Merchant, Bribe Branch


You were on level 2 of the Spider Nest.
You worshipped Gozag.
Gozag was most pleased with you.
You visited 5 branches of the dungeon, and saw 25 of its levels.

You collected 8303 gold pieces.
You spent 2256 gold pieces at shops.
You paid 1958 gold pieces to Gozag.

Inventory:

Jewellery
 b - an amulet of regeneration
 f - a +4 ring of protection (left paw) {=R}
 k - a ring of protection from fire (right paw)
 m - a ring of flight
 r - the ring of Mede {Str+4 Slay+4}
   (You acquired it on level 9 of the Dungeon)

   [ring of slaying]

   Str:       It affects your strength (+4).
   Slay:      It affects your accuracy & damage with ranged weapons and melee
   (+4).
 u - a +4 ring of evasion
 v - an amulet of guardian spirit (around neck)
 w - the ring of Okluag {rElec rC+ Will+ Int+4 Dex+3}
   (You acquired it on level 2 of the Spider Nest)

   [ring of protection from cold]

   Int:       It affects your intelligence (+4).
   Dex:       It affects your dexterity (+3).
   rC:        It protects you from cold.
   rElec:     It insulates you from electricity.
   Will:      It increases your willpower.
 y - a ring of ice
 E - the ring "Qirch" {rPois rN+ Will+ Str+2 Slay+5}
   (You bought it in a shop on level 14 of the Dungeon)

   [ring of positive energy]

   Str:       It affects your strength (+2).
   Slay:      It affects your accuracy & damage with ranged weapons and melee
   (+5).
   rPois:     It protects you from poison.
   rN:        It protects you from negative energy.
   Will:      It increases your willpower.
Wands
 a - a wand of digging (5)
 c - a wand of mindburst (12)
 j - a wand of acid (2)
 p - a wand of flame (22)
 A - a wand of charming (20)
 D - a wand of iceblast (15)
 G - a wand of polymorph (21)
Scrolls
 l - a scroll of magic mapping
 n - a scroll of identify {@r4}
 q - 2 scrolls of torment
 s - a scroll of amnesia
 z - a scroll of holy word
 C - 4 scrolls of fog
Potions
 d - a potion of brilliance
 e - a potion of haste
 h - a potion of might
 i - 4 potions of flight
 o - 4 potions of mutation
 x - 3 potions of resistance
 B - 3 potions of lignification
 L - 3 potions of ambrosia
 N - a potion of cancellation
 Q - a potion of attraction
Miscellaneous
 K - a tin of tremorstones (1/2)
 M - a lightning rod (4/4)


   Skills:
 - Level 9.0 Fighting
 - Level 12.0 Dodging
 - Level 12.0 Stealth
 - Level 9.0 Unarmed Combat
 + Level 11.7 Spellcasting
 - Level 15.0 Hexes
 - Level 12.0 Summonings
 - Level 6.0 Transmutations
 - Level 6.0 Ice Magic
 - Level 7.5 Evocations


You had 6 spell levels left.
You knew the following spells:

 Your Spells              Type           Power      Damage    Failure   Level
b - Slow                  Hex            64%        N/A       1%          2
c - Ozocubu's Armour      Ice            35%        N/A       1%          3
e - Metabolic Englaciati  Hex/Ice        26%        N/A       2%          5
y - Yara's Violent Unrav  Hex/Tmut       26%        3d11      2%          5
z - Confusing Touch       Hex            64%        N/A       1%          3
B - Summon Ice Beast      Ice/Summ       47%        N/A       1%          4
G - Summon Guardian Gole  Hex/Summ       60%        N/A       1%          3
M - Call Imp              Summ           56%        N/A       1%          2
N - Call Canine Familiar  Summ           56%        N/A       1%          3

Your spell library contained the following spells:

 Spells                   Type           Power      Damage    Failure   Level
 Summon Small Mammal      Summ           100%       N/A       1%          1
 Wereblood                Tmut           35%        N/A       1%          2
 Frozen Ramparts          Ice            70%        1d9       1%          3
 Fulminant Prism          Conj/Hex       20%        3d13      2%          4
 Ice Form                 Ice/Tmut       35%        N/A       4%          4
 Summon Lightning Spire   Summ/Air       35%        N/A       4%          4
 Ignite Poison            Fire/Tmut/Pois 19%        N/A       8%          3
 Sublimation of Blood     Necr           5%         N/A       9%          2
 Conjure Flame            Conj/Fire      11%        6-21      17%         3
 Petrify                  Tmut/Erth      23%        N/A       17%         4
 Irradiate                Conj/Tmut      11%        3d17      43%         5
 Animate Dead             Necr           5%         N/A       50%         4
 Iskenderun's Mystic Bla  Conj/Tloc      11%        2d4       50%         4
 Sticky Flame             Conj/Fire      11%        2d3       50%         4
 Borgnjor's Vile Clutch   Necr/Erth      5%         N/A       85%         5
 Lee's Rapid Deconstruct  Erth           5%         3d7*      85%         5
 Simulacrum               Ice/Necr       11%        N/A       95%         6
 Death Channel            Necr           5%         N/A       100%        6
 Summon Hydra             Summ           28%        N/A       34%         7
 Spellforged Servitor     Conj/Summ      17%        N/A       99%         7
 Orb of Destruction       Conj           5%         9d2       100%        7


Dungeon Overview and Level Annotations

Branches:
Dungeon (14/15)            Temple (1/1) D:5            Lair (6/6) D:8
 Shoals (0/4) Lair:4       Spider (2/4) Lair:3        Slime (0/5) Lair:5
    Orc (2/2) D:12            Elf (0/3) Orc:2        Vaults (0/5) D:14

Altars:
Ashenzari
Cheibriados
Dithmenos
Elyvilon
Fedhas
Gozag
Hepliaklqana
Kikubaaqudgha
Makhleb
Nemelex Xobeh
Okawaru
Qazlal
Ru
Sif Muna
Trog
Uskayaw
Vehumet
Wu Jian
Xom
Yredelemnul
Zin
The Shining One
Jiyva

Shops:
D:2 ?   D:14 =   Orc:1 (   Orc:2 (=*!*

Portals:
Trove: D:13 (give 2 scrolls of acquirement)

Annotations:
D:3 2 runed translucent doors, SomeSinner's ghost, amateur HONe
Lair:6 2 transporters, exclusions: 2 oklob plants and 1 more exclusion, grimtooth's ghost, journeyman DsAK


Innate Abilities, Weirdness & Mutations

You have sharp claws.
You have razor-sharp teeth.
You have supernaturally acute eyesight. (SInv)
You cover ground quickly. (Speed+)
Your thick and shaggy fur keeps you warm. (AC +3, rC+)
Your paws help you pounce on unaware monsters.
You are incapable of wielding weapons or throwing items.
You cannot wear armour.
You gain extra lives every three experience levels.
Your flesh is heat resistant. (rF+)
You are frail. (-10% HP)
Your system is resistant to poisons. (rPois)


Message History

The wolf spider hits you but does no damage.
The wolf spider bites you but does no damage.
The jumping spider leaps!
The demonic crawler closely misses you.
The demonic crawler completely misses you.
The demonic crawler hits you.
* * * LOW HITPOINT WARNING * * *
You scratch the torpor snail.
The torpor snail is lightly wounded.
You are no longer berserk.
You are exhausted.
You feel as though you will be slow longer.
The wolf spider hits you!
* * * LOW HITPOINT WARNING * * *
The wolf spider bites you but does no damage.
The jumping spider pounces on you but does no damage.
The jumping spider misses you.
The jumping spider leaps!
The demonic crawler misses you.
The demonic crawler completely misses you. x2
The torpor snail closely misses you. The wolf spider hits you!
* * * LOW HITPOINT WARNING * * *
The wolf spider completely misses you.
You scratch the torpor snail but do no damage.
The torpor snail is lightly wounded.
The jumping spider completely misses you.
The jumping spider bites you but does no damage.
The demonic crawler completely misses you.
The demonic crawler misses you. The demonic crawler barely misses you.
The jumping spider is distracted by your dazzling golden aura.
The wolf spider hits you but does no damage.
The wolf spider misses you.
The jumping spider hisses angrily.
You scratch the torpor snail.
The torpor snail is moderately wounded.
The jumping spider pounces on you but does no damage.
The jumping spider barely misses you.
The demonic crawler hits you but does no damage.
The demonic crawler barely misses you. The demonic crawler hits you.
The wolf spider hits you.
You die...
Your body crumbles into a pile of gold.

##....s#...
#.........../$$.
##.<....$$...$$#.
#....$$.$.$......
##..#.$$$..$.....
#^....$..s$.°...
###.$.$....$#$..
##$.s.....^..
#$.$$$$....
#$wsss#.$.
#.#^@s## #######


You could see a torpor snail, a demonic crawler, a wolf spider, an orb spider
(charged), 2 jumping spiders and a redback.

Vanquished Creatures
  Aizul (Spider:1)
  3 ghost moths (Spider:1)
  Josephine (Spider:1)
  A fire dragon (D:10)
  Fannar (D:12)
  Harold (D:7)
  A boulder beetle (D:13)
  2 hydras (Lair:3)
  Erica (Orc:1)
  4 centaur warriors
  2 death yaks (Lair:6)
  An orc high priest (Orc:2)
  Sonja (Lair:3)
  3 skeletal warriors (D:11)
  A deep troll (D:14)
  3 orc knights
  A phantasmal warrior (D:14)
  10 wolf spiders
  A lindwurm (Lair:6)
  An ugly thing (D:9)
  6 orb spiders
  A deep elf pyromancer (D:14)
  A shining eye (shapeshifter) (D:14)
  3 orc sorcerers (Orc:1)
  A moth of wrath (Spider:1)
  8 elephants
  A gargoyle (D:12)
  An unseen horror (D:11)
  3 black mambas
  5 cane toads
  2 torpor snails (Spider:2)
  5 rime drakes
  A kobold demonologist (D:13)
  6 komodo dragons
  7 demonic crawlers
  2 meliai
  A troll (D:10)
  11 jumping spiders
  2 polar bears
  A queen bee (D:12)
  6 slime creatures
  2 blink frogs (Lair:6)
  2 hornets
  6 dream sheep
  15 redbacks
  7 tarantellas
  27 yaks
  2 shadows (D:9)
  2 wyverns
  5 wraiths (Spider:1)
  3 basilisks
  An acid dragon (D:10)
  4 water moccasins
  8 orc warriors
  A black bear (Lair:4)
  7 wolves
  10 centaurs
  2 kobold brigands (D:10)
  6 bullfrogs
  A hornet simulacrum (D:14)
  12 killer bees (D:13)
  7 electric eels
  3 wights (D:7)
  2 howler monkeys
  A centaur zombie (D:10)
  A jelly (D:8)
  13 orc priests
  A hound (D:4)
  11 orc wizards
  Natasha (D:2)
  2 howler monkey zombies
  A gnoll (D:8)
  2 white imps
  An ufetubus (D:6)
  37 orcs
  3 bats
  2 endoplasms
  2 goblins
  2 hobgoblins (D:2)
  3 jackals
  9 kobolds
  A quokka (D:2)
  A frilled lizard (D:1)
  6 rats
349 creatures vanquished.

Vanquished Creatures (collateral kills)
  Gastronok (D:9)
  An emperor scorpion (Spider:1)
  A dire elephant (Lair:6)
  An ettin (Orc:2)
  Erolcha (D:9)
  A boulder beetle (D:14)
  A hydra (D:12)
  A centaur warrior (D:11)
  A death yak (Lair:6)
  4 two-headed ogres
  2 orc high priests
  2 orb spiders (Spider:1)
  2 orc knights (Orc:2)
  A deep elf pyromancer (D:13)
  3 orc sorcerers
  A cyclops (Orc:1)
  4 black mambas
  3 elephants (Lair:6)
  A tengu conjurer (D:13)
  3 komodo dragons
  A troll (Orc:1)
  7 blink frogs
  6 slime creatures
  Prince Ribbit (D:8)
  A wind drake (Lair:4)
  A hornet (Lair:6)
  6 dream sheep
  A redback (Spider:1)
  A tarantella (Spider:1)
  14 yaks
  A wyvern (Lair:6)
  2 basilisks
  An acid dragon (D:11)
  A warg (Orc:1)
  4 water moccasins
  6 orc warriors
  An ice beast (D:5)
  An ogre (Orc:2)
  2 wolves (Lair:6)
  A centaur (D:14)
  2 bullfrogs
  A scorpion (D:5)
  A wyvern zombie (D:8)
  2 killer bees (D:9)
  3 wights
  A howler monkey (D:11)
  2 centaur zombies
  9 orc priests
  2 bullfrog zombies (D:6)
  2 jellies
  A hound (D:6)
  A bullfrog skeleton (D:6)
  Crazy Yiuf (D:3)
  An iguana (D:5)
  5 orc wizards
  A howler monkey zombie (D:9)
  5 gnolls
  5 adders
  A shadow imp (D:7)
  An ufetubus (D:7)
  2 worms (D:2)
  3 dart slugs
  21 orcs
  4 ball pythons
  2 bats (D:1)
  4 endoplasms
  2 giant cockroaches
  4 goblins
  4 hobgoblins
  5 jackals
  A quokka (D:1)
  2 frilled lizards
  6 kobolds
  3 rats
204 creatures vanquished.

Vanquished Creatures (others)
  5 hydras
  A catoblepas (Lair:6)
  A centaur warrior (D:14)
  2 two-headed ogres (D:12)
  A two-headed ogre (shapeshifter) (D:14)
  2 skeletal warriors (D:11)
  A lindwurm (Lair:6)
  A manticore (Lair:4)
  A wolf spider (Spider:1)
  An elephant (Lair:3)
  An ugly thing (D:11)
  A black mamba (Lair:6)
  A gargoyle (D:12)
  A cane toad (Lair:4)
  4 komodo dragons
  A rime drake (Lair:6)
  A troll (Orc:1)
  A jumping spider (Spider:1)
  A hornet (Lair:6)
  2 slime creatures
  A dream sheep (Lair:4)
  2 redbacks (Spider:1)
  28 yaks
  A tarantella (Spider:2)
  A steam dragon (D:9)
  A vampire mosquito (D:12)
  A water moccasin (D:9)
  5 orc warriors
  A swamp drake (Lair:6)
  5 wolves
  2 gnoll sergeants
  2 killer bees (D:9)
  2 wights (D:9)
  3 orc priests
  An orc wizard (D:9)
  A gnoll (D:9)
  3 orcs
  43 fungi
  65 plants
  4 toadstools (D:1)
202 creatures vanquished.

Grand Total: 755 creatures vanquished

Notes
Turn   | Place    | Note
-------+----------+-------------------------------------------
     0 | D:1      | grimtooth the Felid Summoner began the quest for the Orb.
     0 | D:1      | Reached XP level 1. HP: 7/7 MP: 4/4
   566 | D:1      | Reached XP level 2. HP: 11/11 MP: 3/6
   965 | D:1      | Learned a level 2 spell: Call Imp
  1297 | D:1      | Found a faded altar of an unknown god.
  1473 | D:2      | Reached skill level 5 in Summonings
  1473 | D:2      | Reached XP level 3. HP: 8/14 MP: 3/7
  1942 | D:2      | Found Qexzegg's Magic Scroll Shoppe.
  1971 | D:2      | Bought a scroll of identify for 20 gold pieces
  2264 | D:2      | Noticed Natasha
  2913 | D:3      | Found a blossoming altar of Fedhas.
  2913 | D:3      | Found a runed translucent door.
  2924 | D:3      | Noticed SomeSinner's ghost (amateur HONe)
  3217 | D:3      | Found a runed translucent door.
  3233 | D:3      | Found a stormy altar of Qazlal.
  3236 | D:3      | Found a hazy altar of Hepliaklqana.
  3236 | D:3      | Found an ornate altar of the Wu Jian Council.
  3489 | D:3      | Found a runed translucent door.
  3490 | D:3      | Noticed Crazy Yiuf
  3550 | D:3      | Found a white marble altar of Elyvilon.
  4070 | D:3      | Learned a level 3 spell: Call Canine Familiar
  4351 | D:4      | Found a burning altar of Makhleb.
  4428 | D:4      | Found an ancient bone altar of Kikubaaqudgha.
  4613 | D:4      | Reached XP level 4. HP: 18/18 MP: 5/8
  4688 | D:4      | Found a shimmering altar of Xom.
  5208 | D:5      | Entered Level 5 of the Dungeon
  5288 | D:5      | Found a sparkling altar of Nemelex Xobeh.
  5417 | D:5      | Noticed an ice beast
  5543 | D:5      | Found a staircase to the Ecumenical Temple.
  5756 | Temple   | Entered the Ecumenical Temple
  5830 | Temple   | Became a worshipper of Gozag Ym Sagoz the Greedy
  5886 | D:5      | Reached XP level 5. HP: 20/21 MP: 4/9
  6292 | D:5      | Noticed a water moccasin
  6313 | D:5      | Killed a water moccasin
  6548 | D:5      | Killed an ice beast
  6549 | D:5      | Reached skill level 1 in Unarmed Combat
  6549 | D:5      | Gained mutation: You are covered in thick fur. (AC +2)
                  | [Felid growth]
  6549 | D:5      | Reached XP level 6. HP: 24/24 MP: 3/11
  6737 | D:6      | Noticed an orc warrior
  6924 | D:6      | Found a snail-covered altar of Cheibriados.
  7321 | D:6      | Identified the +2 robe of Loss {rF+ rN+ Will- Int+4}
  7757 | D:7      | Noticed Harold
  7798 | D:7      | Noticed a water moccasin
  7807 | D:7      | Killed a water moccasin
  8707 | D:8      | Reached XP level 7. HP: 27/27 MP: 8/12
  8790 | D:8      | Noticed a yak
  8901 | D:8      | Noticed a yak
  8901 | D:8      | Noticed a yak
  8912 | D:8      | Killed a yak
  8920 | D:8      | Killed a yak
  8974 | D:8      | Killed a yak
  9265 | D:8      | Found a shimmering blue altar of Sif Muna.
  9266 | D:8      | Noticed a wyvern
  9287 | D:8      | Killed a wyvern
 10151 | D:8      | Learned a level 3 spell: Summon Guardian Golem
 10312 | D:8      | Reached XP level 8. HP: 31/31 MP: 11/13
 10325 | D:8      | Reached skill level 1 in Hexes
 10446 | D:8      | Found a staircase to the Lair.
 10492 | D:8      | Noticed Prince Ribbit
 10716 | D:2      | Bought a scroll of teleportation for 30 gold pieces
 10751 | D:2      | Killed Natasha
 10931 | D:3      | Killed Crazy Yiuf
 11128 | D:6      | Reached skill level 2 in Hexes
 11363 | D:8      | Reached skill level 3 in Hexes
 11531 | D:8      | Killed Prince Ribbit
 11532 | D:8      | Reached skill level 5 in Dodging
 11802 | D:9      | Noticed Erolcha
 11803 | D:9      | - oh now what
 12320 | D:9      | Reached skill level 5 in Stealth
 12383 | D:9      | Reached skill level 4 in Hexes
 12383 | D:9      | Reached XP level 9. HP: 27/34 MP: 4/16
 12996 | D:9      | Reached skill level 5 in Unarmed Combat
 12996 | D:9      | Reached skill level 5 in Hexes
 13112 | D:9      | Identified a scroll of acquirement
 13116 | D:9      | Noticed Gastronok
 13122 | D:9      | Acquired the ring of Mede {Str+4 Slay+4}
 13126 | D:10     | Entered Level 10 of the Dungeon
 13189 | D:10     | Noticed a two-headed ogre
 13202 | D:10     | Killed a two-headed ogre
 13203 | D:10     | Reached skill level 6 in Hexes
 13212 | D:10     | Reached skill level 7 in Hexes
 13221 | D:10     | Reached skill level 8 in Hexes
 13615 | D:10     | Reached skill level 9 in Hexes
 13618 | D:10     | Learned a level 2 spell: Slow
 13689 | D:10     | Noticed a fire dragon
 13691 | D:10     | - spicy
 14286 | D:10     | Reached XP level 10. HP: 35/37 MP: 10/17
 15168 | Lair:1   | Entered Level 1 of the Lair of Beasts
 15652 | Lair:1   | Acquired the ring "Wytompoy" {rElec Will+}
 15931 | Lair:2   | Reached skill level 5 in Spellcasting
 16275 | Lair:2   | Reached XP level 11. HP: 30/40 MP: 9/21
 16593 | Lair:2   | Identified the +2 falchion of Indignation {flame, rPois rN+
                  | Dex+2}
 16717 | Lair:2   | Reached skill level 1 in Fighting
 17939 | Lair:3   | Noticed Sonja
 18013 | Lair:3   | Noticed a seven-headed hydra
 18081 | Lair:3   | Killed a seven-headed hydra
 18082 | Lair:3   | Reached skill level 10 in Dodging
 18202 | Lair:3   | Noticed an eight-headed hydra
 18286 | Lair:3   | Reached skill level 5 in Fighting
 19282 | Lair:3   | Killed Sonja
 19423 | Lair:4   | Noticed an eight-headed hydra
 19469 | Lair:4   | HP: 2/48 [themself (18)]
 19470 | Lair:4   | - ow
 19471 | Lair:4   | Succumbed to a cane toad's poison
 19472 | Lair:4   | Reached XP level 10. HP: 0/45 MP: 1/20
 19472 | Lair:4   | Found a staircase to the Shoals.
 19472 | Lair:4   | Noticed a manticore
 19472 | Lair:4   | - man i could have fixed that... just didnt notice
 19569 | Lair:4   | Killed a manticore
 19739 | Lair:4   | Found a shadowy altar of Dithmenos.
 19764 | Lair:4   | Noticed a black mamba
 19776 | Lair:4   | Killed a black mamba
 19990 | Lair:4   | Reached XP level 11. HP: 25/48 MP: 7/21
 20945 | Lair:4   | Learned a level 3 spell: Ozocubu's Armour
 21098 | Lair:4   | Reached skill level 10 in Stealth
 21098 | Lair:4   | Reached skill level 10 in Hexes
 21106 | Lair:4   | HP: 2/48 [poisoned by a black mamba]
 22113 | Lair:5   | Reached skill level 11 in Hexes
 22384 | Lair:5   | Noticed a four-headed hydra
 22417 | Lair:5   | Killed a four-headed hydra
 22650 | Lair:5   | Found a viscous altar of Jiyva.
 22651 | Lair:5   | Found a staircase to the Slime Pits.
 22652 | Lair:5   | - and heres jiyva... i wasnt going to do it
 22735 | Lair:5   | Identified the +10 glaive of Oshing {protect, Will+}
 22795 | Lair:5   | Learned a level 3 spell: Confusing Touch
 22796 | Lair:6   | Entered Level 6 of the Lair of Beasts
 22942 | Lair:6   | Noticed a catoblepas
 22943 | Lair:6   | Found a bloodstained altar of Trog.
 22943 | Lair:6   | Noticed grimtooth's ghost (journeyman DsAK)
 22944 | Lair:6   | - DSAK... must be a while ago
 22946 | Lair:6   | Found a transporter.
 22947 | Lair:6   | Noticed a spriggan rider
 22947 | Lair:6   | Noticed a spriggan rider
 23272 | Lair:6   | Killed a catoblepas
 23454 | Lair:6   | Gained mutation: Your thick and shaggy fur keeps you warm.
                  | (AC +3, rC+) [Felid growth]
 23454 | Lair:6   | Reached XP level 12. HP: 37/52 MP: 12/22
 23645 | Lair:5   | HP: 1/52 [poisoned by a black mamba]
 23905 | Lair:5   | Reached skill level 12 in Hexes
 24005 | Lair:5   | Reached skill level 10 in Summonings
 24005 | Lair:5   | Reached skill level 1 in Ice Magic
 24056 | Lair:5   | Killed an eight-headed hydra
 24288 | Lair:5   | Learned a level 4 spell: Summon Ice Beast
 25065 | Lair:6   | Found a transporter.
 25069 | Lair:6   | Found a shimmering altar of Xom.
 25170 | Lair:6   | the scaly fen
 25172 | Lair:6   | Noticed a seven-headed hydra
 25205 | Lair:6   | Killed a seven-headed hydra
 26661 | Lair:6   | Noticed a death yak
 26662 | Lair:6   | Noticed a six-headed hydra
 26667 | Lair:6   | Noticed a death yak
 26673 | Lair:6   | Killed a six-headed hydra
 26680 | Lair:6   | Killed a death yak
 26789 | Lair:6   | Reached skill level 5 in Ice Magic
 26789 | Lair:6   | Killed a death yak
 27335 | Lair:6   | Noticed a death yak
 27345 | Lair:6   | Noticed a dire elephant
 27401 | Lair:6   | Killed a death yak
 27402 | Lair:6   | Reached XP level 13. HP: 42/55 MP: 8/23
 27551 | Lair:6   | Killed a dire elephant
 27778 | Lair:6   | Identified the +4 war axe "Apego" {vorpal, rC++ Int-2 Dex+4
                  | SInv}
 28170 | Lair:3   | Found a hole to the Spider Nest.
 28793 | D:7      | Killed Harold
 30009 | D:10     | Identified the +8 chain mail of the Heavens {Dex+4 Stlth+}
 30899 | D:11     | Reached skill level 13 in Hexes
 31476 | D:12     | Noticed Fannar
 31738 | D:12     | Found a staircase to the Orcish Mines.
 32111 | D:12     | Killed Fannar
 33251 | D:12     | Learned a level 5 spell: Metabolic Englaciation
 33312 | Orc:1    | Entered Level 1 of the Orcish Mines
 34143 | Orc:2    | Entered Level 2 of the Orcish Mines
 34176 | Orc:1    | Noticed Erica
 34178 | Orc:1    | Killed Erica
 34324 | Orc:2    | Found a staircase to the Elven Halls.
 34422 | Orc:2    | Noticed an ettin
 34440 | Orc:2    | Killed an ettin
 34454 | Orc:2    | Killed from afar by an orc sorcerer
 34455 | Orc:2    | Reached XP level 12. HP: -2/49 MP: 0/26
 34484 | Orc:2    | Paralysed by an orc sorcerer for 4 turns
 34795 | Orc:2    | Paralysed by an orc sorcerer for 3 turns
 34796 | Orc:2    | HP: 1/52 [orc warrior (4)]
 34796 | Orc:2    | Slain by an orc warrior
 34797 | Orc:2    | Reached XP level 11. HP: -5/48 MP: 0/25
 34797 | Orc:2    | Found Kefereil's Gadget Gallery.
 34797 | Orc:2    | - this sorceror man
 34872 | Orc:2    | Noticed an orc knight
 34877 | Orc:2    | Noticed an orc high priest
 34880 | Orc:2    | Noticed an orc sorcerer
 34882 | Orc:2    | Noticed an orc sorcerer
 34950 | Orc:1    | Killed an orc knight
 35111 | D:13     | Noticed a centaur warrior
 35176 | D:13     | Noticed a boulder beetle
 35217 | D:13     | Reached XP level 12. HP: 52/52 MP: 26/26
 35256 | D:13     | Killed a boulder beetle
 35257 | D:13     | Reached skill level 14 in Hexes
 35278 | D:13     | Found a portal to a secret trove of treasure.
 35283 | D:13     | Noticed a two-headed ogre
 35426 | D:13     | Killed a two-headed ogre
 35939 | D:12     | - just gettin hammered everywhere
 36035 | Orc:1    | - well this went south quick
 36112 | Orc:1    | Killed an orc high priest
 36512 | Orc:1    | Found Afyterem's Weapon Emporium.
 36568 | Orc:1    | Learned a level 5 spell: Yara's Violent Unravelling
 36880 | Orc:2    | Reached skill level 10 in Spellcasting
 37021 | Orc:2    | Noticed an orc high priest
 37428 | Orc:1    | Reached skill level 1 in Transmutations
 37850 | Orc:2    | Noticed an orc high priest
 38012 | Orc:2    | Killed an orc high priest
 38226 | Orc:2    | Killed an orc high priest
 38860 | Orc:2    | Found Bieb's Distillery.
 38860 | Orc:2    | Found Senkefampoi's Assorted Antiques.
 38862 | Orc:2    | Found Gesch's Jewellery Boutique.
 38862 | Orc:2    | Found Futonu's Antique Weapon Shoppe.
 38875 | Orc:2    | Bought a worn glass wand for 108 gold pieces
 38875 | Orc:2    | Bought a coral ring for 135 gold pieces
 38932 | Orc:2    | Bought a potion of heal wounds for 135 gold pieces
 38932 | Orc:2    | Bought a scroll of identify for 54 gold pieces
 38937 | Orc:2    | Bought a potion of curing for 30 gold pieces
 38937 | Orc:2    | Bought a potion of haste for 100 gold pieces
 38937 | Orc:2    | Bought a potion of invisibility for 80 gold pieces
 38937 | Orc:2    | Bought a potion of experience for 500 gold pieces
 38937 | Orc:2    | Bought a potion of invisibility for 80 gold pieces
 38937 | Orc:2    | Reached XP level 13. HP: 55/55 MP: 28/28
 38943 | Orc:2    | Bought a wand of flame (20) for 27 gold pieces
 38943 | Orc:2    | Bought a wand of flame (19) for 27 gold pieces
 39007 | Orc:1    | - really thought i could just eviscerate him
 39331 | D:9      | Killed Erolcha
 39797 | D:9      | Killed Gastronok
 39798 | D:9      | Reached skill level 15 in Hexes
 39968 | D:10     | Killed a fire dragon
 40157 | D:12     | - boy i should have thought before down... feels like i'll
                  | be slaughtered
 40170 | D:12     | - guess i'm a little clever
 40469 | D:13     | - man i just get destroyed with range dudes
 40493 | D:13     | Reached skill level 5 in Transmutations
 41271 | D:14     | Found Qotiemma's Jewellery Emporium.
 41276 | D:14     | Bought the ring "Qirch" {rPois rN+ Will+ Str+2 Slay+5} for
                  | 930 gold pieces
 41891 | D:14     | Reached XP level 14. HP: 35/60 MP: 16/29
 42380 | D:14     | Gained mutation: You passively dampen the noise of your
                  | surroundings. [a shining eye]
 42382 | D:14     | Gained mutation: You are occasionally teleported next to
                  | monsters. [a shining eye]
 42387 | D:14     | - well tis will be fun
 42763 | D:14     | HP: 2/60 [phantasmal warrior (14)]
 43154 | D:14     | Found a gate to the Vaults.
 43490 | Spider:1 | Entered Level 1 of the Spider Nest
 43518 | Spider:1 | Noticed Aizul
 43518 | Spider:1 | Noticed a ghost moth
 43527 | Spider:1 | - the almost dead thing fools me every time
 43534 | Spider:1 | Lost mutation: You passively dampen the noise of your
                  | surroundings. [potion of mutation]
 43534 | Spider:1 | Lost mutation: You are occasionally teleported next to
                  | monsters. [potion of mutation]
 43534 | Spider:1 | Gained mutation: Your flesh is heat resistant. (rF+)
                  | [potion of mutation]
 43534 | Spider:1 | Gained mutation: You are frail. (-10% HP) [potion of
                  | mutation]
 43534 | Spider:1 | Gained mutation: Your system is resistant to poisons.
                  | (rPois) [potion of mutation]
 43540 | Spider:1 | - oh this is trouble
 43544 | Spider:1 | - better and better
 43590 | Spider:1 | Noticed an emperor scorpion
 43880 | Spider:1 | Noticed a ghost moth
 43898 | Spider:1 | Killed a ghost moth
 44112 | Spider:1 | Noticed Josephine
 44120 | Spider:1 | Killed Josephine
 44263 | Spider:1 | - well crap
 44270 | Spider:1 | HP: 2/55 [Aizul (7)]
 44282 | Spider:1 | HP: 1/55 [Aizul (2)]
 44293 | Spider:1 | - survived... un be lievable
 44622 | Spider:1 | Noticed a ghost moth
 44636 | Spider:1 | Killed a ghost moth
 44637 | Spider:1 | - still alive... un be lievable
 44885 | Spider:1 | Killed an emperor scorpion
 44981 | Lair:3   | - i feel like shoals will thrash me even harder
 45026 | Spider:1 | - come on im a tree
 45026 | Spider:1 | - dammit is this game over
 45027 | Spider:1 | HP: 3/84 [Aizul (9)]
 45028 | Spider:1 | - so that isnt helping at all
 45028 | Spider:1 | Succumbed to a redback's poison
 45029 | Spider:1 | Reached XP level 13. HP: 0/117 MP: 5/28
 45237 | Spider:1 | Killed Aizul
 46555 | Spider:1 | Killed a ghost moth
 47071 | Spider:2 | Acquired the ring of Okluag {rElec rC+ Will+ Int+4 Dex+3}
 47220 | Spider:2 | Reached XP level 14. HP: 17/57 MP: 14/30
 47244 | Spider:2 | - i was really counting on that jumper to take this hit
 47261 | Spider:2 | Slain by a wolf spider

Illustrated notes #.. .. <# #.##+#+# ###.##### .y#.#.# #....[..# #.#.#.# #.......## #.$.#.# #......... #..#.# #.......# #.$#°#######.......# #...☼..............# ##$#°....###O#+###ooo #.......@.....# ##......###.### ### #.>....# #.# #.. ######## #.# #.# #.# ###.# #.####...###### #.#............ #.#.##...###### #.#.#........# #.#........#.# #.#.(....#.# Turn 11803 on D:9: - oh now what .#.###...#.#.#.#... .#.....#.#.#.#.#.. .#.....#.#.#.#.#.# ## .####..#.#.#.#.#.####.# .......#.....#........# .#####.###...#........# .# #.........#........# .#############........# ......................# .##############......=# .##.... ........@.....# .....# #######......## .....# ####....... .....# ....... .....# ....... .....# ....... .##.## ....... .# # #D..... .# ...... .# .# Turn 13691 on D:10: - spicy ........ ....#####...... .......P #....P##........ ....)....####....##......... .... ....##.#...#....⌠...... .PP.. ##........#........#.. P...##.......##......#####. .##.....###$###..⌠..#.#..##. .......#..⌠h#............... .......#..§$§#.............. ...#...⌠.§§.+.⌠.<.⌠..⌠..... ......P#..§@§#.............. ....#####.§..#........[...#. .... ####.##..⌠...#.##.#. . ##.##......#####. ####....... #. ##...⌠... .. #...... Turn 19470 on Lair:4: - ow ####........# . #.........# .. ........... .. ...........# .<.........# ...........# <.........h# ..H........# .>........P## ..k........P# .......@...# ...........# $ ............# ...........## ...........# ...........# ...........# .#.##....##. $ Turn 19472 on Lair:4: - man i could have fixed that... just didnt notice ## ### #.##.## #.#..### ####....#.### ###...........#### #.#....##@###.##.######## #.....###.# #......#...## #.....# #_. #............ ##.....# #.>. #............ #......# #...##............ #......########....##...... ##^..P..######...#####..... #P.#...............#....... #..##...................... ##.#.....................#. ##....#..#...........##.##. Turn 22652 on Lair:5: - and heres jiyva... i wasnt going to do it ###.....### #........###.. ######......... ## ##. #..F#..... P..#..##.F...l... ................. ####....F........ ###........... ##.F.......Y #.......... ##@........ §...i.#......... _W#..©#©........ .i≈##.#..PP..... i# ###.P.....P# ...P#.#### ....### ..... Turn 22944 on Lair:6: - DSAK... must be a while ago ...... ...... ....... .........##... ....... ............. ....... #............ ....... ##......?..... ....... ............. ....... ##........... #...... ♣P........... #.#### ♣♣ ♣♣≈...@....... #. D♣).♣♣≈≈........... ## ♣≈≈.≈≈≈..............P# ## # ≈♣≈..P..............#.P..# ♣♣♣♣...................F. ♣#............... #### #.............# i.# ##..._.......# ## ... #...........#..# #.. #..........##.## #.. $ ##.........#i..#)(.. Turn 25170 on Lair:6: the scaly fen #...$5.##### ####....5Y..#.# .##.oo.o.5....... ...$oo......$.#.# ...o......##..#### ...o..$........... .$o............... .......#.......... ......$.........## ..............##### ...............#@.# ...................# .......##.#$....... ......# .##.##....# ...#....# ..∩.....## #...#.... ##.##.#.## Turn 34797 on Orc:2: - this sorceror man

#..###.............#...#..#...##
.##................#####..#.8.#
#.#.#..##.................#...#
###.....#.................#######
...###..#..................#.....
.#.###..#..................#.....
...##...#..................#.....
........#..................'.....
#######'#..................######
#..####.###.......#######'####...
..........#.....@.#...['.....#...
..........#.....>.#<...#.....#...
..........'.......)....#.....#...
#..####.###.......###'###..######
#..####'########.......#######..#
........#......+.......#........#
........#......#.......#........'
........#......#.......#........#
....<...'......#<......#........#
...#..##########.......##'###..##
######................##..###..##


Turn 35939 on D:12: - just gettin hammered everywhere .......#
##...................# ......## #............#.....## .....##
##......#...###...### ....5## ###.......######.....##
..#...###.#........####...#...## ..##...#......#...###.....##...##
..#..####.##.....## ###.......##. ....#.# ####.....# ##......#.. ...h###
###...### ##....#... ....h.# #.#..oo.##### #.#.##... ......#
###...#o@#.##.#######.... ..#...###....###.......###.)#..##
.....#.###.........#..###..)....# #....##.#.......#.##.####..####..
##.####.........####.###.....#... .....h.5....###.###....##........
..#..)h......#.#.#........#.....# .......###..#.##.........###....#
...............#..........#..#... .....#......#.#####...##.....#...
.....###...#### #...###...##... Turn 36035 on Orc:1: - well this went south
quick ###..#....#.# ##### #.#.......### #.#.# ###..###....####..##
##..........##...#. ##...........#...... #...#.....##...###..
#...#[[.....[....... ##..[...##..))......# #..<..[###..[[..)...#
##.....#.###.#[[)...# ##...@#...######.....# #..Y3##....# #.[.#... ##.........#
##...... ###......## #...... ##.....## ##...... #......## ###.......
##...#...###.#....... #....##...#......#).. #....#..####.##.....# ###....#.#
####.....# #....### ###...## Turn 39007 on Orc:1: - really thought i could just
eviscerate him .##................#####..#.8.# #.#.#..##.................#...#
###.....#.................####### ...###..#..................#.....
.#.###..#..................#..... ...##...#..................#.....
........#..................'..... #######'#..................######
#..####.###.......#######'####... ..........#....y..#...['.....#...
..........#.....@.#<...#.....#... ..........'.....y.)....#.....#...
#..####.###.......###'###..###### #..####'########.......#######..#
........#......+.......#........# ........#......#.......#........'
........#......#.......#........# ....<...'......#<......#........#
...#..##########.......##'###..## ######................##..###..##
#................'....#..... Turn 40157 on D:12: - boy i should have thought
before down... feels like i'll be slaughtered .#...#.............#...#..##.#'##
#..###.............#...#..#...## .##................#####..#.8.#
#.#.#..##.................#...# ###.....#.................#######
...###..#..................#..... .#.###..#..................#.....
...##...#..................#..... ........#..................'.....
#######'#..................###### #..####.###.....@.#######'####...
..........#.......#...['.....#... ..........#.....>.#<...#.....#...
..........'.......)....#.....#... #..####.###.......###'###..######
#..####'########.......#######..# ........#......+.......#........#
........#......#.......#........' ........#......#.......#........#
....<...'......#<......#........# ...#..##########.......##'###..## Turn 40170
on D:12: - guess i'm a little clever ########## #......... #......... ##...#
#......... .....# #......... #....# #......... ##....# #.####+###
.....####.####.#.. #....#.........### #....#.#######.# # #.#.##@.###..# #.#
#............# #.# #...#........# #.# #.......####.# #.# #...#..#.....# #.##
##..##.##.##.######..# #. #.##.##.##......# #c #.##............## ..
####.###.##.... #.# #.##.... #####.###.##.#.. Turn 40469 on D:13: - man i just
get destroyed with range dudes ################## #### #...........).##.#####...
#..........##)##........# #..........##.##.##.###.# ##### ###.......###.##....#
#.# ....# #.#########)##..#####.# ....# #.###.....#.##..##....# ....#
#.........#.##..##.##.# ....# ####..###.#..)........#
....##########..############..#.# ................@...............#
.........#######.##############.# ............[....# #..
##.......####>...##############.. #.......####....................
#............#..#########.#####. #........#####.......# #.# #.
#..................#.# ##.### #. ###.##'########....#.# #....# #.
#.##......###....#.###....# #. #.##.).............#......###. Turn 42387 on
D:14: - well tis will be fun .. . .# .## ..## ###..# ###....## ##.^.S@y.#
#....^...# $ #...###### #...## #....# ......# .....### .##### Turn 43527 on
Spider:1: - the almost dead thing fools me every time ..!..###......#
..............## ........s......# # ................ # ............^. #
............ # #.......... . #......... .. #.@....... ##.....### $ #...### #..##
# #.## .. $ ### $ ... .### Turn 43540 on Spider:1: - oh this is trouble ..#
..### .s?s### ssss.#### s.s.....# #### ##........ ###..#
..!..###......#.....s... #...S# ..............##@# #....y^# ...............###
#......## ................ #.......# ............^. #....#... ............
#..#####. #..s....... ...###... #......... ...##.^... #......... #....^.
##.....### $ #...### #...### #...## #..## #....# Turn 43544 on Spider:1: -
better and better ..##..## ##...## .. #.^.####..### .. #........## ####^...###
###^..^## #.....# ##....# ### ##...####.## #....#....# ###......## ## ##..@§..##
..## ####.S..## ..### ###...##..?.### #..##.......### ##...#.ss......
##.....##sss.... ..!..###.......ssss.... ..............##s#.....
..............s### .). ................ . ............^.. Turn 44263 on
Spider:1: - well crap ####. ## # ..!..### ####### ........ #..#..## ........
......# ........ #....:#.. ...... #@....... .... ###...... #.. ##... #. . #. ##
# # # $ # $ Turn 44293 on Spider:1: - survived... un be lievable ##....# ##..8#
#.... ###.. ##. # ## ##y #.. ### ##..###.## #...#....# #.....h@## ..!..
#......######## ..... ###..#..#..#..## ..... #####........####.....
##.#.....#..## ... ###.........## . ###........#### ####......... #.>.......
##.....###. #......#... Turn 44637 on Spider:1: - still alive... un be lievable
.### #.#.##...#.#..###.#....#P... ..## #######.......#............. ..P#
##...................... ...#### #.....................## ....#.#
#######.###.######.#.## #....## ####...# ##### ##....### #...### ###
###....####### ##..#[##### #.# #....###..#.#####...#.P..####..
##.......................##.... ###..........@>.....)..####...
##...................P# #... ###.###.###|##.##.#### #### ### ### ######### Turn
44981 on Lair:3: - i feel like shoals will thrash me even harder ### ######
############# #.###....# ##...........##### ...#.....# #............##..##
....^...# ##..$........<.#...# ........# #..♣#.#............. ........###
###sS####..#......#.. ...#...##.###...## ############# ...##.##...#...## #
..^.###...##..## ##.............### ^##..............# ...###...##...##.## ..)#
#.......###..## ...######......##..## ...#.....###........# Turn 45026 on
Spider:1: - come on im a tree ### ###### ############# #.###....#
##...........##### ...#.....# #............##..## ....^...# ##..$........<.#...#
........# #..♣#.#............. ........### ###sS####..#......#..
...#...##.###...## ############# ...##.##...#...## # ..^.###...##..##
##.............### ^##..............# ...###...##...##.## ..)# #.......###..##
...######......##..## ...#.....###........# Turn 45028 on Spider:1: - so that
isnt helping at all ##....s#... #.........../$$. ##.<.s..$$...$$#.
#....$$.$.$...... ##..#.$$$..$..... #^....$...$..... ###.$.$....$#$..
##$s...§§§^.. #°.$s°$w... #$*$s○#.$. #.#^@s## ####### Turn 47244 on Spider:2: -
i was really counting on that jumper to take this hit

Levels and vault maps discovered:
D:1:      ldierk_walled_garden_2, layout_rooms, ebering_ecumenical_altar_hall,
          minmay_crystal_room
D:2:      layout_loops_ring, serial_shops, shop, uniq_natasha
D:3:      layout_rooms, mainiacjoe_overflow_24_doors,
          chequers_temple_overflow_statue_of_worship, lemuel_crystal_altar,
          ebering_ghost_sewer_f, patterned_corridor, uniq_crazy_yiuf_cottage
D:4:      layout_layer_cave, kiku_gazebo_pond_becter, makhleb_heckhound_becter,
          mainiacjoe_overflow_chevrons
D:5:      layout_loops_corners, mainiacjoe_overflow_small_starburst,
          minmay_temple_entry_mist
D:6:      layout_basic, kennysheep_mini_moat
D:7:      layout_loops_ring, uniq_harold
D:8:      layout_basic, mainiacjoe_overflow_concentric_impassable,
          lair_entry_dummy, uniq_prince_ribbit1
D:9:      layout_basic, uniq_erolcha, uniq_gastronok
D:10:     layout_basic, st_stairs_7
D:11:     layout_basic
D:12:     layout_gridville, hiddenorc2_lemuel, minmay_starry_boxes, uniq_fannar
D:13:     layout_basic, nicolae_trove_entry_isolated, special_room
          [special_room_bee]
D:14:     layout_basic, david_vaults_4, serial_shops, shop, minivault_23
Temple:   pf_slimified_temple
Lair:1:   layout_hall_layers, chequers_serial_rivers_micro_b
Lair:2:   layout_cave_pods, grunt_megastairs_5
Lair:3:   layout_concentric_octagons, dummy_spider_entry, uniq_sonja
Lair:4:   layout_gridlike, minmay_shoals_entry_beasts, basic_altar,
          minmay_holes, grunt_megastairs_3
Lair:5:   layout_regular_city, dpeg_slime_entry_enclosed_altar, serial_rivers,
          chequers_serial_rivers_micro_d, chequers_serial_rivers_micro_e,
          chequers_serial_rivers_room_a, chequers_serial_rivers_micro_a
Lair:6:   hangedman_lair_in_review, layout_cave_pods, guppyfry_lair_end_dragon,
          gammafunk_ghost_wrathful_warriors, basic_altar,
          infiniplex_staircase_pool, minmay_lair_oklob_chamber
Spider:1: layout_spider_delve, nicolae_spider_webs_and_nodes, uniq_josephine,
          uniq_aizul
Spider:2: layout_spider_delve
Orc:1:    layout_diamond_mine, serial_shops, shop, uniq_erica
Orc:2:    grunt_orc_tribal_feast, layout_caves, nicolae_shop_gadgets

Skill      XL: |  1  2  3  4  5  6  7  8  9 10 11 12 13 14 |
---------------+-------------------------------------------+-----
Summonings     | 5 6 7 8 9 11 12 | 12.0
Spellcasting   | 3 4 6 10 11 | 11.7
Unarmed Combat | 1 3 4 6 8 9 |  9.0
Dodging        | 3 4 6 7 11 12 | 12.0
Hexes          | 4 9 11 14 15 | 15.0
Stealth        | 6 7 9 11 12 | 12.0
Fighting       | 6 9 8 |  9.0
Ice Magic      | 5 6 |  6.0
Transmutations | 1 6 |  6.0
Evocations     | 6 7 |  7.5

Action                   |  1- 3 |  4- 6 |  7- 9 | 10-12 | 13-15 || total
-------------------------+-------+-------+-------+-------+-------++-------
Melee: Unarmed           |   114 |    39 |   152 |   631 |   585 ||  1521
       Bite              |    10 |       |    12 |    69 |    56 ||   147
       Punch             |       |       |       |    14 |    25 ||    39
 Cast: Summon Small Mamm |    71 |    15 |    10 |       |       ||    96
       Call Imp          |     5 |    43 |    46 |   142 |    23 ||   259
       Call Canine Famil |       |    20 |    31 |    32 |    25 ||   108
       Summon Guardian G |       |       |    16 |    50 |    39 ||   105
       Slow              |       |       |       |    39 |    38 ||    77
       Summon Ice Beast  |       |       |       |    61 |    73 ||   134
       Metabolic Englaci |       |       |       |     5 |    10 ||    15
       Ozocubu's Armour  |       |       |       |     7 |     9 ||    16
       Confusing Touch   |       |       |       |     2 |    21 ||    23
Invok: Potion Petition   |       |       |       |       |     5 ||     5
Evoke: Wand              |       |     3 |     8 |    33 |    53 ||    97
       Lightning rod     |       |       |       |       |     4 ||     4
       Tin of tremorston |       |       |       |       |     2 ||     2
  Use: Scroll            |     5 |     4 |     7 |    14 |    16 ||    46
       Potion            |       |       |     2 |    12 |    24 ||    38
 Stab: Sleeping          |    11 |       |     3 |    14 |    24 ||    52
       Distracted        |     1 |     2 |     1 |    10 |    14 ||    28
       Petrified         |       |       |       |     4 |       ||     4
       Petrifying        |       |       |       |     1 |       ||     1
       Confused          |       |       |       |     2 |    23 ||    25
       Invisible         |       |       |       |       |     6 ||     6
Armor: Skin              |     8 |     4 |    16 |    47 |   115 ||   190
Dodge: Dodged            |   127 |    53 |   150 |   560 |   816 ||  1706
